| TOP OF THE 1ST |
|
Arizona Diamondbacks batting - Pitching for San Diego Padres : LHP Matt Wheeler
|
|
Pitching: LHP Matt Wheeler
|
|
|
Batting: SHB Alec Thorpe
|
0-0: Ball 1-0: Called Strike 1-1: Foul Ball, location: 2F 1-2: Ball 2-2: Strikes out swinging
|
|
Batting: RHB David Price Jr.
|
0-0: Ball 1-0: Ground out 6-3 (Groundball, 56, EV 86.2 MPH)
|
|
Batting: SHB Perry Tuckfard
|
0-0: Foul Ball, location: 2F 0-1: Ball 1-1: Ball 2-1: Called Strike 2-2: Fly out, F8 (Flyball, 78D, EV 105.0 MPH)
|
| Top of the 1st over - 0 runs, 0 hits, 0 errors, 0 left on base; Arizona 0 - San Diego 0 |
| BOTTOM OF THE 1ST |
|
San Diego Padres batting - Pitching for Arizona Diamondbacks : RHP David Mendoza
|
|
Pitching: RHP David Mendoza
|
|
|
Batting: LHB Per Meulengracht
|
0-0: Ball 1-0: Ground out 4-3 (Groundball, 4M, EV 86.9 MPH)
|
|
Batting: RHB Bobby Ayala
|
0-0: Called Strike 0-1: Ball 1-1: Ground out 1-3 (Groundball, P, EV 60.0 MPH)
|
|
Batting: SHB Jerry Luckwell
|
0-0: Ball 1-0: Called Strike 1-1: Ball 2-1: TRIPLE (Flyball, 89XD, EV 105.6 MPH)
|
|
Batting: RHB Cesar Breceda
|
0-0: Ball 1-0: Ball 2-0: Called Strike 2-1: Called Strike 2-2: Ball 3-2: Base on Balls
|
|
Batting: LHB Aaron LeBlanc
|
0-0: Called Strike 0-1: Hit by Pitch Cesar Breceda to second
|
|
Batting: LHB Andy Bowman
|
0-0: Ball 1-0: Fly out, F7 (Flyball, 78D, EV 98.1 MPH)
|
| Bottom of the 1st over - 0 runs, 1 hit, 0 errors, 3 left on base; Arizona 0 - San Diego 0 |
| TOP OF THE 2ND |
|
Arizona Diamondbacks batting - Pitching for San Diego Padres : LHP Matt Wheeler
|
|
Batting: RHB Mario Soto
|
0-0: Ball 1-0: Called Strike 1-1: Foul Ball, location: 2F 1-2: Ball 2-2: Foul Ball, location: 2F 2-2: Ball 3-2: Base on Balls
|
|
Batting: RHB Blake Ballard
|
0-0: Foul Ball, location: 2F 0-1: Called Strike 0-2: Ball 1-2: Ball 2-2: Grounds into double play, 4-6-3 (Groundball, 3, EV 99.4 MPH)
|
|
Batting: RHB Shiro Suehiro
|
0-0: Ball 1-0: Ball 2-0: Called Strike 2-1: Ball 3-1: Foul Ball, location: 2F 3-2: Base on Balls
|
|
Batting: RHB Billy Crookston
|
0-0: Called Strike 0-1: Called Strike 0-2: Ball 1-2: Fielders Choice at 2nd, 6-4 (Groundball, 6, EV 108.8 MPH)
|
| Top of the 2nd over - 0 runs, 0 hits, 0 errors, 1 left on base; Arizona 0 - San Diego 0 |
| BOTTOM OF THE 2ND |
|
San Diego Padres batting - Pitching for Arizona Diamondbacks : RHP David Mendoza
|
|
Batting: RHB Alois Wollf
|
0-0: Swinging Strike 0-1: Ball 1-1: Ball 2-1: Called Strike 2-2: Ball 3-2: Foul Ball, location: 2F 3-2: Strikes out swinging
|
|
Batting: RHB Alberto Cotto
|
0-0: Ball 1-0: Called Strike 1-1: DOUBLE (Line Drive, 9LS, EV 111.9 MPH)
|
|
Batting: LHB Chris Moody
|
0-0: Called Strike 0-1: Fly out, F8 (Flyball, 8RM, EV 88.8 MPH) Runner from 2nd tags up, OUT at 3rd! 8-5
|
| Bottom of the 2nd over - 0 runs, 1 hit, 0 errors, 0 left on base; Arizona 0 - San Diego 0 |
| TOP OF THE 3RD |
|
Arizona Diamondbacks batting - Pitching for San Diego Padres : LHP Matt Wheeler
|
|
Batting: RHB Fabrice Bertin
|
0-0: Swinging Strike 0-1: Called Strike 0-2: Foul Ball, location: 2F 0-2: Fly out, F7 (Flyball, 78XD, EV 94.4 MPH)
|
|
Batting: SHB Valentin Laporte
|
0-0: Ball 1-0: Ball 2-0: SINGLE (Flyball, 56D, EV 95.6 MPH)
|
|
Batting: SHB Alec Thorpe
|
0-0: Called Strike 0-1: Ball Valentin Laporte steals 2nd base 1-1: Foul Ball, location: 2F 1-2: Ball 2-2: Ground out 5-3 (Groundball, 56S, EV 93.1 MPH)
|
|
Batting: RHB David Price Jr.
|
0-0: Called Strike 0-1: Ball 1-1: Fly out, F9 (Flyball, 89M, EV 87.5 MPH)
|
| Top of the 3rd over - 0 runs, 1 hit, 0 errors, 1 left on base; Arizona 0 - San Diego 0 |
| BOTTOM OF THE 3RD |
|
San Diego Padres batting - Pitching for Arizona Diamondbacks : RHP David Mendoza
|
|
Batting: LHB Per Meulengracht
|
0-0: Called Strike 0-1: Ground out U3 (Groundball, 34S, EV 82.5 MPH)
|
|
Batting: RHB Bobby Ayala
|
0-0: SINGLE (Line Drive, 4D, EV 108.8 MPH)
|
|
Batting: SHB Jerry Luckwell
|
0-0: Called Strike 0-1: Foul Ball, location: 2F 0-2: Ball 1-2: Ball 2-2: SINGLE (Groundball, 34D, EV 106.2 MPH) Bobby Ayala to second Runner from 2nd tries for 3rd, SAFE, throw by RF made to third Jerry Luckwell to second
|
|
Batting: RHB Cesar Breceda
|
0-0: Ball 1-0: Called Strike 1-1: Called Strike 1-2: Strikes out swinging
|
|
Batting: LHB Aaron LeBlanc
|
0-0: Foul Ball, location: 2F 0-1: Fly out, F8 (Line Drive, 8LM, EV 88.1 MPH)
|
| Bottom of the 3rd over - 0 runs, 2 hits, 0 errors, 2 left on base; Arizona 0 - San Diego 0 |
| TOP OF THE 4TH |
|
Arizona Diamondbacks batting - Pitching for San Diego Padres : LHP Matt Wheeler
|
|
Batting: SHB Perry Tuckfard
|
0-0: Ball 1-0: Fly out, F8 (Flyball, 8RM, EV 83.1 MPH)
|
|
Batting: RHB Mario Soto
|
0-0: Ball 1-0: Ball 2-0: Ground out 2-3 (Groundball, 13S, EV 72.5 MPH)
|
|
Batting: RHB Blake Ballard
|
0-0: Ball 1-0: Ball 2-0: Foul Ball, location: 2F 2-1: Called Strike 2-2: Foul Ball, location: 2F 2-2: Ball 3-2: Fly out, F7 (Flyball, 7, EV 97.5 MPH)
|
| Top of the 4th over - 0 runs, 0 hits, 0 errors, 0 left on base; Arizona 0 - San Diego 0 |
| BOTTOM OF THE 4TH |
|
San Diego Padres batting - Pitching for Arizona Diamondbacks : RHP David Mendoza
|
|
Batting: LHB Andy Bowman
|
0-0: Called Strike 0-1: Ground out 3-1 (Groundball, 34S, EV 89.4 MPH)
|
|
Batting: RHB Alois Wollf
|
0-0: Ball 1-0: Foul Ball, location: 2F 1-1: Foul Ball, location: 2F 1-2: Foul Ball, location: 2F 1-2: SINGLE (Line Drive, 89S, EV 98.8 MPH)
|
|
Batting: RHB Alberto Cotto
|
0-0: Ball 1-0: Foul Ball, location: 2F 1-1: Foul Ball, location: 2F 1-2: Ball 2-2: Strikes out swinging
|
|
Batting: LHB Chris Moody
|
0-0: Ball Alois Wollf steals 2nd base (no throw) 1-0: Swinging Strike 1-1: Ball 2-1: Ball 3-1: Foul Ball, location: 2F 3-2: Foul Ball, location: 2F 3-2: Base on Balls
|
|
Batting: LHB Per Meulengracht
|
0-0: Ball 1-0: Called Strike 1-1: Ball 2-1: Called Strike 2-2: Foul Ball, location: 2F 2-2: Fly out, F5 (Popup, 56, EV 74.4 MPH)
|
| Bottom of the 4th over - 0 runs, 1 hit, 0 errors, 2 left on base; Arizona 0 - San Diego 0 |
| TOP OF THE 5TH |
|
Arizona Diamondbacks batting - Pitching for San Diego Padres : LHP Matt Wheeler
|
|
Batting: RHB Shiro Suehiro
|
0-0: Ball 1-0: Called Strike 1-1: Called Strike 1-2: Strikes out looking
|
|
Batting: RHB Billy Crookston
|
0-0: Ball 1-0: Called Strike 1-1: Ball 2-1: SINGLE (Flyball, 78S, EV 93.1 MPH)
|
|
Batting: RHB Fabrice Bertin
|
0-0: Ball 1-0: Called Strike 1-1: Foul Ball, location: 2F 1-2: Ball 2-2: Ball 3-2: Foul Ball, location: 2F 3-2: Foul Ball, location: 2F 3-2: Grounds into double play, 6-4-3 (Groundball, 56, EV 83.1 MPH)
|
| Top of the 5th over - 0 runs, 1 hit, 0 errors, 0 left on base; Arizona 0 - San Diego 0 |
| BOTTOM OF THE 5TH |
|
San Diego Padres batting - Pitching for Arizona Diamondbacks : RHP David Mendoza
|
|
Batting: RHB Bobby Ayala
|
0-0: Called Strike 0-1: Ball 1-1: SINGLE (Groundball, 4MD, EV 95.0 MPH) (infield hit)
|
|
Batting: SHB Jerry Luckwell
|
0-0: Foul Ball, location: 2F 0-1: Ball 1-1: SINGLE (Groundball, 6MD, EV 97.5 MPH) Bobby Ayala to second
|
|
Batting: RHB Cesar Breceda
|
0-0: Called Strike 0-1: Fly out, F6 (Line Drive, 6, EV 69.4 MPH)
|
|
Batting: LHB Aaron LeBlanc
|
0-0: Called Strike 0-1: Ball 1-1: Swinging Strike 1-2: Ball 2-2: Ball 3-2: Strikes out looking
|
|
Batting: LHB Andy Bowman
|
0-0: Ball 1-0: Fielders Choice at 2nd, 5-4 (Groundball, 56, EV 103.8 MPH)
|
| Bottom of the 5th over - 0 runs, 2 hits, 0 errors, 2 left on base; Arizona 0 - San Diego 0 |
| TOP OF THE 6TH |
|
Arizona Diamondbacks batting - Pitching for San Diego Padres : LHP Matt Wheeler
|
|
Batting: SHB Valentin Laporte
|
0-0: Ball 1-0: SINGLE (Groundball, 6MD, EV 103.8 MPH)
|
|
Batting: SHB Alec Thorpe
|
0-0: Ball 1-0: Called Strike 1-1: Called Strike 1-2: Foul Ball, location: 2F 1-2: Ball 2-2: Ball 3-2: Foul Ball, location: 2F 3-2: TRIPLE (Flyball, 8LXD, EV 101.2 MPH) Valentin Laporte scores
|
|
Batting: RHB David Price Jr.
|
0-0: Ball 1-0: Ball 2-0: Ball 3-0: Called Strike 3-1: Base on Balls
|
|
Batting: SHB Perry Tuckfard
|
0-0: Grounds into double play, 5-4-3 (Groundball, 56, EV 87.5 MPH) Alec Thorpe scores
|
|
Batting: RHB Mario Soto
|
0-0: Ball 1-0: Ball 2-0: Ground out 5-3 (Groundball, 56S, EV 90.0 MPH)
|
| Top of the 6th over - 2 runs, 2 hits, 0 errors, 0 left on base; Arizona 2 - San Diego 0 |
| BOTTOM OF THE 6TH |
|
San Diego Padres batting - Pitching for Arizona Diamondbacks : RHP David Mendoza
|
|
Batting: RHB Alois Wollf
|
0-0: Ball 1-0: Called Strike 1-1: Foul Ball, location: 2F 1-2: Foul Ball, location: 2F 1-2: Ground out 5-3 (Groundball, 5, EV 91.9 MPH)
|
|
Batting: RHB Alberto Cotto
|
0-0: Called Strike 0-1: Ball 1-1: Ball 2-1: Foul Ball, location: 2F 2-2: Ground out 3-1 (Groundball, 34S, EV 76.9 MPH)
|
|
Batting: LHB Chris Moody
|
0-0: Foul Ball, location: 2F 0-1: Fly out, F6 (Popup, 6, EV 76.9 MPH)
|
| Bottom of the 6th over - 0 runs, 0 hits, 0 errors, 0 left on base; Arizona 2 - San Diego 0 |
| TOP OF THE 7TH |
|
Arizona Diamondbacks batting - Pitching for San Diego Padres : LHP Matt Wheeler
|
|
Batting: RHB Blake Ballard
|
0-0: Called Strike 0-1: SOLO HOME RUN (Flyball, 8LXD, EV 105.6 MPH), Distance : 427 ft
|
|
Pitching: LHP Tommy Hall
|
|
|
Batting: RHB Shiro Suehiro
|
0-0: Ball 1-0: Ball 2-0: Fly out, F4 (Flyball, 4D, EV 95.6 MPH)
|
|
Batting: RHB Billy Crookston
|
0-0: SINGLE (Groundball, 6MD, EV 108.8 MPH)
|
|
Batting: RHB Fabrice Bertin
|
0-0: Fly out, F7 (Flyball, 78XD, EV 81.2 MPH)
|
|
Batting: SHB Valentin Laporte
|
0-0: Ball 1-0: Called Strike 1-1: Swinging Strike 1-2: Foul Ball, location: 2F 1-2: Ball 2-2: Ball 3-2: Strikes out swinging
|
| Top of the 7th over - 1 run, 2 hits, 0 errors, 1 left on base; Arizona 3 - San Diego 0 |
| BOTTOM OF THE 7TH |
|
San Diego Padres batting - Pitching for Arizona Diamondbacks : RHP David Mendoza
|
|
Now at 2B: Kyle Beaulieu
|
|
|
Now in LF: Eric Klasek
|
|
|
Now in RF: Fabrice Bertin
|
|
|
Batting: LHB Per Meulengracht
|
0-0: Ball 1-0: Ball 2-0: Ball 3-0: Base on Balls
|
|
Batting: RHB Bobby Ayala
|
0-0: Swinging Strike 0-1: SINGLE (Groundball, 56S, EV 70.0 MPH) (infield hit) Per Meulengracht to second
|
|
Batting: SHB Jerry Luckwell
|
0-0: Swinging Strike 0-1: Ball 1-1: Ball 2-1: Ball 3-1: Base on Balls Per Meulengracht to third Bobby Ayala to second
|
|
Pitching: RHP Gerardo Camacho
|
|
|
Batting: RHB Cesar Breceda
|
0-0: Ball 1-0: Foul Ball, location: 2F 1-1: Grounds into fielders choice 4-2 (Groundball, 4, EV 86.2 MPH) Bobby Ayala to third Jerry Luckwell to second
|
|
Batting: LHB Aaron LeBlanc
|
0-0: Ball 1-0: Ball 2-0: Ball 3-0: Base on Balls Bobby Ayala scores Jerry Luckwell to third Cesar Breceda to second
|
|
Batting: LHB Andy Bowman
|
0-0: Ball 1-0: Ball 2-0: Ball 3-0: Base on Balls Jerry Luckwell scores Cesar Breceda to third Aaron LeBlanc to second
|
|
Pinch Hitting: LHB Mike Holt
|
0-0: Called Strike 0-1: Foul Ball, location: 2F 0-2: Fly out, F6 (Popup, 4MS, EV 54.4 MPH)
|
|
Batting: RHB Alberto Cotto
|
0-0: Ball 1-0: Ball 2-0: Foul Ball, location: 2F 2-1: Ball 3-1: Called Strike 3-2: Fly out, F6 (Line Drive, 6, EV 68.8 MPH)
|
| Bottom of the 7th over - 2 runs, 1 hit, 0 errors, 3 left on base; Arizona 3 - San Diego 2 |
| TOP OF THE 8TH |
|
Arizona Diamondbacks batting - Pitching for San Diego Padres : LHP Tommy Hall
|
|
Now at 1B: Andy Bowman
|
|
|
Now at 2B: Bobby Ayala
|
|
|
Now in CF: Mike Holt
|
|
|
Batting: SHB Alec Thorpe
|
0-0: Foul Ball, location: 2F 0-1: Swinging Strike 0-2: Ball 1-2: Ground out 5-3 (Groundball, 56S, EV 84.4 MPH)
|
|
Batting: RHB David Price Jr.
|
0-0: Ball 1-0: Called Strike 1-1: Foul Ball, location: 2F 1-2: Ball 2-2: Strikes out looking
|
|
Batting: SHB Perry Tuckfard
|
0-0: SOLO HOME RUN (Flyball, 8RXD, EV 101.9 MPH), Distance : 428 ft
|
|
Batting: RHB Mario Soto
|
0-0: Foul Ball, location: 2F 0-1: Ball 1-1: Ball 2-1: Ground out 5-3 (Groundball, 56S, EV 86.2 MPH)
|
| Top of the 8th over - 1 run, 1 hit, 0 errors, 0 left on base; Arizona 4 - San Diego 2 |
| BOTTOM OF THE 8TH |
|
San Diego Padres batting - Pitching for Arizona Diamondbacks : RHP Gerardo Camacho
|
|
Pitching: LHP Jose Rodriguez
|
|
|
Batting: LHB Chris Moody
|
0-0: Ball 1-0: Ground out 4-3 (Groundball, 4, EV 82.5 MPH)
|
|
Pinch Hitting: RHB Carlos Reyes
|
0-0: Ball 1-0: Ball 2-0: Called Strike 2-1: Ground out 3-1 (Groundball, 34S, EV 82.5 MPH)
|
|
Pitching: RHP André Gaillard
|
|
|
Batting: RHB Bobby Ayala
|
0-0: Called Strike 0-1: Ball 1-1: Ball 2-1: Ball 3-1: Foul Ball, location: 2F 3-2: Foul Ball, location: 2F 3-2: Strikes out swinging
|
| Bottom of the 8th over - 0 runs, 0 hits, 0 errors, 0 left on base; Arizona 4 - San Diego 2 |
| TOP OF THE 9TH |
|
Arizona Diamondbacks batting - Pitching for San Diego Padres : LHP Tommy Hall
|
|
Pitching: LHP Klaus Qvist
|
|
|
Now in LF: Carlos Reyes
|
|
|
Batting: RHB Blake Ballard
|
0-0: Called Strike 0-1: Ball 1-1: Called Strike 1-2: Strikes out looking
|
|
Batting: LHB Eric Klasek
|
0-0: Swinging Strike 0-1: Swinging Strike 0-2: SINGLE (Line Drive, 6D, EV 97.5 MPH)
|
|
Batting: RHB Billy Crookston
|
0-0: Called Strike 0-1: Ball 1-1: Ball 2-1: Ball 3-1: Base on Balls Eric Klasek to second
|
|
Batting: RHB Fabrice Bertin
|
0-0: Called Strike 0-1: Foul Ball, location: 2F 0-2: Strikes out swinging
|
|
Batting: LHB Kyle Beaulieu
|
0-0: Called Strike 0-1: Called Strike 0-2: Ball 1-2: Ball 2-2: Strikes out swinging
|
| Top of the 9th over - 0 runs, 1 hit, 0 errors, 2 left on base; Arizona 4 - San Diego 2 |
| BOTTOM OF THE 9TH |
|
San Diego Padres batting - Pitching for Arizona Diamondbacks : RHP André Gaillard
|
|
Batting: SHB Jerry Luckwell
|
0-0: Ball 1-0: Ground out 1-3 (Groundball, 25, EV 72.5 MPH)
|
|
Batting: RHB Cesar Breceda
|
0-0: Ball 1-0: Ball 2-0: Fly out, F8 (Flyball, 8LS, EV 87.5 MPH)
|
|
Batting: LHB Aaron LeBlanc
|
0-0: Ground out U3 (Groundball, 3L, EV 108.8 MPH)
|
| Bottom of the 9th over - 0 runs, 0 hits, 0 errors, 0 left on base; Arizona 4 - San Diego 2 |
|